 Dungeon Crawl Stone Soup version 0.26.1-11-gd32895ea62 (webtiles) character file.

Game seed: 5224127266381195778

10284 infcreate the Covert (level 11, 56/66 HPs)
             Began as a Vampire Enchanter on May 18, 2021.
             Was an Elder of Dithmenos.
             Quit the game on level 10 of the Dungeon.
             The game lasted 00:30:05 (11389 turns).

infcreate the Covert (Vampire Enchanter)           Turns: 11389, Time: 00:30:06

Health: 56/66      AC:  8    Str: 13    XL:     11   Next: 34%
Magic:  15/21      EV: 20    Int: 18    God:    Dithmenos [****..]
Gold:   847        SH:  6    Dex: 24    Spells: 11/23 levels left

rFire    . . .     SeeInvis +   s - +3 dagger (venom)
rCold    + + .     Faith    .   L - +0 buckler {reflect}
rNeg     + + +     Spirit   .   H - +0 steam dragon scales
rPois    ∞         Reflect  +   (no helmet)
rElec    .         Harm     .   (no cloak)
rCorr    .         Rampage  .   (no gloves)
Will     +....                  y - +2 pair of boots Stlth *+++++++++
                                g - amulet of regeneration
HPRegen  0.61/turn              D - +6 ring of dexterity
MPRegen  0.17/turn              S - +6 ring of strength

@: bloodless, wreathed by umbra
A: fangs 3, see invisible, unbreathing
a: Bat Form, Revivify, Renounce Religion, Shadow Step


You were on level 10 of the Dungeon.
You worshipped Dithmenos.
Dithmenos was greatly pleased with you.
You visited 1 branch of the dungeon, and saw 10 of its levels.
You also visited: Bailey.

You collected 847 gold pieces.


Innate Abilities, Weirdness & Mutations

You do not regenerate when monsters are visible.
You are frail without blood (-20% HP).
You can heal yourself when you bite living creatures.
You are immune to poison.
You have razor-sharp teeth.
You have supernaturally acute eyesight. (SInv)
You can survive without breathing.


   Skills:
 + Level 6.4 Fighting
 + Level 7.9 Short Blades
 + Level 8.1 Dodging
 + Level 11.5 Stealth
 - Level 4.0 Shields
 + Level 6.8 Spellcasting
 + Level 10.8 Hexes


You had 11 spell levels left.
You knew the following spells:

 Your Spells              Type           Power        Failure   Level
c - Corona                Hex            50%          1%          1
d - Tukima's Dance        Hex            45%          1%          3
e - Ensorcelled Hibernat  Hex/Ice        50%          1%          2
f - Dazzling Flash        Conj/Hex       50%          3%          3
t - Confusing Touch       Hex            45%          1%          3

Your spell library contained the following spells:

 Spells                   Type           Power        Failure   Level
 Animate Skeleton         Necr           12%          11%         1
 Apportation              Tloc           12%          11%         1
 Summon Small Mammal      Summ           24%          11%         1
 Gell's Gravitas          Tloc           3%           32%         3
 Metabolic Englaciation   Hex/Ice        12%          32%         5
 Yara's Violent Unravell  Hex/Tmut       12%          32%         5
 Petrify                  Tmut/Erth      6%           73%         4

Inventory:

Hand Weapons
 s - a +3 dagger of venom (weapon)
 x - a +4 rapier of speed
Missiles
 B - 2 throwing nets {=f}
Armour
 r - a +2 robe of willpower
 y - a +2 pair of boots (worn)
 H - +0 steam dragon scales (worn)
 L - a +0 buckler of reflection (worn)
Jewellery
 g - an amulet of regeneration (around neck)
 C - an uncursed ring of ice
 D - a +6 ring of dexterity (left hand)
 F - an uncursed ring of protection from fire
 S - a +6 ring of strength (right hand)
Wands
 b - a wand of enslavement (8)
 t - a wand of polymorph (4)
 u - a wand of random effects (13)
 z - a wand of flame (8)
 E - a wand of acid (12)
 K - a wand of paralysis (9)
Scrolls
 d - a scroll of fog
 j - 2 scrolls of amnesia
 l - 2 scrolls of fear
 m - 2 scrolls of remove curse {@r2}
 o - 2 scrolls of blinking
 p - 3 scrolls of teleportation {@r4}
 v - a scroll of immolation
 I - a scroll of identify {@r1}
Potions
 a - a potion of experience {unknown}
 c - a potion of ambrosia
 e - a potion of degeneration {unknown}
 f - a potion of brilliance
 h - 6 potions of curing {@q1}
 i - a potion of haste {@q3}
 k - 2 potions of might
 n - 4 potions of heal wounds {@q2}
 q - a potion of lignification {unknown}
 w - a potion of berserk rage {unknown}
 A - 2 potions of flight
 G - 2 potions of magic {unknown}
 J - a potion of attraction {unknown}
 M - a potion of mutation {unknown}

Dungeon Overview and Level Annotations

Branches:
Dungeon (10/15)            Temple (0/1) D:6             Orc (0/2) D:9
 Bailey (visited)
   Lair: D:8-11

Altars:
Ashenzari
Dithmenos
Fedhas
Makhleb
Qazlal
Trog
Xom
Yredelemnul
The Shining One

Shops:
D:4 }   D:6 ?   D:9 = D:10

* #.#
#.######.#########.####
#.#####........# #.#
#.......######## #.#
####..### #.# ......#
#### #.. ####.##
##...## .# #.#
##.....## #.#
##.......##
#.#########.)@......#
#.......>............
###########.........#
##.......## ##.....##
##...## ####


There were no monsters in sight!


Message History

The water moccasin resists with significant effort.
The water moccasin bites you.
You hit the water moccasin but do no damage.
The water moccasin is poisoned.
The water moccasin bites you.
You hit the water moccasin.
You bite the water moccasin, but do no damage.
The water moccasin is lightly wounded.
You hit the water moccasin.
The water moccasin looks as sick as possible!
The water moccasin is moderately wounded.
Your shadow barely misses the water moccasin.
The water moccasin barely misses you.
You hit the water moccasin.
The water moccasin is heavily wounded.
You block the water moccasin's attack.
You barely miss the water moccasin.
The water moccasin is heavily wounded.
The water moccasin barely misses you.
You hit the water moccasin.
The water moccasin looks as sick as possible!
The water moccasin is almost dead.
Your shadow closely misses the water moccasin.
The water moccasin closely misses you.
You closely miss the water moccasin.
The water moccasin is almost dead.
You kill the water moccasin!
Dithmenos accepts your kill.
You see here a +0 giant club.
You now have 847 gold pieces (gained 11).
Are you sure you want to abandon this character and quit the game? (Confirm with "yes".)

Skill      XL: |  1  2  3  4  5  6  7  8  9 10 11 |
---------------+----------------------------------+-----
Fighting       | 1 2 3 4 5 6 |  6.4
Short Blades   | 2 3 4 5 6 7 |  7.9
Stealth        | 5 6 7 8 9 11 | 11.5
Dodging        | 3 4 5 6 7 8 |  8.1
Hexes          | 5 6 7 8 9 10 | 10.8
Spellcasting   | 3 4 5 6 |  6.8
Shields        | 1 3 4 |  4.0

Action                   |  1- 3 |  4- 6 |  7- 9 | 10-12 || total
-------------------------+-------+-------+-------+-------++-------
Melee: Dagger            |    46 |   104 |   245 |   233 ||   628
       Bite              |       |     8 |    37 |    37 ||    82
       Rapier            |       |       |       |    61 ||    61
 Cast: Corona            |     8 |     3 |     2 |       ||    13
       Ensorcelled Hiber |    17 |    38 |    38 |    34 ||   127
       Confusing Touch   |       |     7 |    29 |    14 ||    50
       Tukima's Dance    |       |     1 |       |     2 ||     3
       Dazzling Flash    |       |       |       |     2 ||     2
 Abil: Exsanguinate      |     1 |       |       |       ||     1
  Use: Scroll            |       |     6 |    11 |     6 ||    23
       Potion            |       |       |       |     1 ||     1
 Stab: Sleeping          |    26 |    28 |    36 |    49 ||   139
       Confused          |       |     5 |    28 |    12 ||    45
       Invisible         |       |       |       |     2 ||     2
Armor: Robe              |     3 |    23 |    15 |       ||    41
       Steam dragon scal |       |       |       |    29 ||    29
Dodge: Dodged            |    17 |    72 |   137 |   224 ||   450
Block: Buckler           |       |       |       |    67 ||    67
       Reflection        |       |       |       |     1 ||     1

Levels and vault maps discovered:
D:1:      dpeg_arrival_concentric_ovals, layout_loops_ring, minmay_pentomino_s2
D:2:      layout_basic
D:3:      layout_rooms, lemuel_doored_altar, nicolae_overflow_hidden_temple,
          chequers_ecumenical_altar_simple
D:4:      layout_basic, lemuel_crystal_altar, old_standard_altar, serial_shops,
          nicolae_shop_behind_doors, minmay_misc_feat_secret_circle,
          st_stairs_10, fedhas_altar_4
D:5:      layout_basic, minmay_misc_feat_columns, uniq_ijyb, uniq_duvessa,
          uniq_sigmund
D:6:      layout_cave_pools, overflow_temple_1_default,
          minmay_temple_entry_statues, serial_shops, shop, dk_noncrumbling_3,
          st_stairs_12, nrook_pool_corridor, trog_three_pillars_becter
D:7:      layout_layer_cave, chequers_serial_rivers_micro_c, bloody_makhleb,
          uniq_harold
D:8:      cheibrodos_elevator_heist, layout_loops_ring, lemuel_crystal_altar,
          general_overflow_altar, lemuel_statue_altar
D:9:      layout_gridville, orc_0_dummy, serial_shops, shop, enter_bailey_5
D:10:     layout_loops_ring, serial_shops, nicolae_shop_stone,
          corexii_leaking_fountain, uniq_fannar, uniq_urug, uniq_nergalle

Notes
Turn   | Place    | Note
-------+----------+-------------------------------------------
     0 | D:1      | infcreate the Vampire Enchanter began the quest for the
                  | Orb.
     0 | D:1      | Reached XP level 1. HP: 13/13 MP: 3/3
   202 | D:1      | Reached XP level 2. HP: 14/15 MP: 3/5
   223 | D:1      | Learned a level 2 spell: Ensorcelled Hibernation
  1058 | D:2      | Reached XP level 3. HP: 20/20 MP: 0/6
  1062 | D:2      | Learned a level 3 spell: Confusing Touch
  1383 | D:2      | Reached skill level 1 in Fighting
  1550 | D:2      | Reached skill level 2 in Short Blades
  1681 | D:2      | Reached skill level 5 in Stealth
  1725 | D:2      | Reached XP level 4. HP: 25/25 MP: 7/7
  2174 | D:3      | Found a shimmering altar of Xom.
  2238 | D:3      | Reached skill level 3 in Dodging
  2382 | D:2      | Reached skill level 5 in Hexes
  2751 | D:3      | Found a faded altar of an unknown god.
  2874 | D:3      | Found a glowing golden altar of the Shining One.
  3097 | D:4      | Reached XP level 5. HP: 29/29 MP: 7/9
  3191 | D:4      | Found a stormy altar of Qazlal.
  3230 | D:4      | Noticed an ogre
  3338 | D:4      | Found a shadowy altar of Dithmenos.
  3379 | D:4      | Became a worshipper of Dithmenos the Shadowed
  3516 | D:4      | Reached skill level 3 in Spellcasting
  3516 | D:4      | Reached XP level 6. HP: 35/35 MP: 10/10
  3651 | D:4      | Reached skill level 3 in Short Blades
  3674 | D:4      | Reached skill level 2 in Fighting
  3795 | D:4      | Reached skill level 6 in Stealth
  3854 | D:4      | Learned a level 3 spell: Tukima's Dance
  4000 | D:4      | Found Atoriemi's Gadget Boutique.
  4016 | D:4      | Reached skill level 4 in Dodging
  4016 | D:4      | Reached skill level 6 in Hexes
  4423 | D:4      | Found a blossoming altar of Fedhas.
  4575 | D:5      | Entered Level 5 of the Dungeon
  4662 | D:5      | Reached XP level 7. HP: 40/40 MP: 9/12
  4721 | D:5      | Noticed Sigmund
  4987 | D:5      | Noticed Ijyb
  5093 | D:5      | Reached skill level 7 in Stealth
  5158 | D:5      | Reached skill level 4 in Short Blades
  5241 | D:5      | Learned a level 3 spell: Dazzling Flash
  5305 | D:5      | Noticed Dowan
  5308 | D:5      | Noticed Duvessa
  5342 | D:5      | Killed Dowan
  5343 | D:5      | Reached skill level 3 in Fighting
  5348 | D:5      | Killed Duvessa
  5349 | D:5      | Reached skill level 4 in Spellcasting
  5349 | D:5      | Reached skill level 7 in Hexes
  5349 | D:5      | Reached XP level 8. HP: 44/46 MP: 6/14
  5689 | D:5      | Killed Sigmund
  5690 | D:5      | Reached skill level 5 in Dodging
  5818 | D:5      | Killed Ijyb
  5890 | D:5      | Reached * piety under Dithmenos
  6078 | D:6      | Reached skill level 8 in Stealth
  6095 | D:6      | Reached skill level 5 in Short Blades
  6282 | D:6      | Found Piluam Lupse's Magic Scroll Emporium.
  6429 | D:6      | Found a staircase to the Ecumenical Temple.
  6456 | D:6      | Reached skill level 4 in Fighting
  6470 | D:6      | Reached skill level 8 in Hexes
  6556 | D:6      | Reached XP level 9. HP: 52/52 MP: 12/16
  6918 | D:6      | Reached skill level 9 in Stealth
  6918 | D:6      | Reached skill level 5 in Spellcasting
  6949 | D:6      | Reached skill level 6 in Dodging
  6964 | D:6      | Found a bloodstained altar of Trog.
  7049 | D:6      | Reached ** piety under Dithmenos
  7115 | D:6      | Found a basalt altar of Yredelemnul.
  7460 | D:7      | Found a burning altar of Makhleb.
  7461 | D:7      | Noticed Harold
  7573 | D:7      | Reached skill level 6 in Short Blades
  7797 | D:7      | Killed Harold
  7798 | D:7      | Reached skill level 5 in Fighting
  7798 | D:7      | Reached skill level 1 in Shields
  7798 | D:7      | Reached skill level 9 in Hexes
  7942 | D:7      | Reached XP level 10. HP: 59/59 MP: 10/18
  8023 | D:7      | Reached skill level 10 in Stealth
  8117 | D:8      | Reached skill level 2 in Shields
  8311 | D:8      | Found a burning altar of Makhleb.
  8329 | D:8      | Noticed a two-headed ogre
  8379 | D:8      | Killed a two-headed ogre
  8380 | D:8      | Reached skill level 7 in Dodging
  8549 | D:8      | Reached *** piety under Dithmenos
  8671 | D:8      | Found a broken altar of Ashenzari.
  8876 | D:8      | Reached skill level 6 in Spellcasting
  8905 | D:8      | Reached skill level 7 in Short Blades
  9248 | D:9      | Found a flagged portal.
  9372 | Bailey   | Entered a bailey
  9498 | Bailey   | Noticed an orc knight
  9501 | Bailey   | Killed an orc knight
  9502 | Bailey   | Reached skill level 3 in Shields
  9502 | Bailey   | Reached skill level 10 in Hexes
  9550 | Bailey   | Reached **** piety under Dithmenos
  9834 | D:9      | Found Eclifu Ereg's Jewellery Shoppe.
 10107 | D:9      | Found a staircase to the Orcish Mines.
 10378 | D:10     | Entered Level 10 of the Dungeon
 10395 | D:10     | Reached skill level 11 in Stealth
 10448 | D:10     | Reached skill level 6 in Fighting
 10460 | D:10     | Noticed Fannar
 10495 | D:10     | Killed Fannar
 10496 | D:10     | Reached XP level 11. HP: 64/64 MP: 14/20
 10698 | D:10     | Noticed Nergalle
 10704 | D:10     | Killed Nergalle
 10710 | D:10     | Got a creamy pearl robe
 10721 | D:10     | Identified the +2 robe "Noakasm" {Harm} (You found it on
                  | level 10 of the Dungeon)
 10742 | D:10     | Noticed Urug
 10756 | D:10     | Killed Urug
 10757 | D:10     | Reached skill level 8 in Dodging
 10906 | D:10     | Reached skill level 4 in Shields
 11080 | D:10     | Reached ***** piety under Dithmenos
 11150 | D:10     | Found Geacopn's General Store.
 11389 | D:10     | Quit the game

Vanquished Creatures
  Fannar (D:10)
  Harold (D:7)
  Urug (D:10)
  Nergalle (D:10)
  An orc knight (Bailey)
  2 centaur skeletons
  A slime creature (D:8)
  Sigmund (D:5)
  5 yaks (D:10)
  A steam dragon (D:8)
  Duvessa (D:5)
  A water moccasin (D:10)
  3 phantoms
  5 ice beasts
  7 orc warriors
  A sky beast (D:8)
  4 ogres
  6 centaurs
  11 bullfrogs
  2 gnoll sergeants
  5 scorpions
  Dowan (D:5)
  3 killer bees (D:10)
  8 wights (D:6)
  2 howler monkeys
  A bullfrog zombie (D:6)
  3 jellies
  5 hounds
  8 orc wizards
  3 orc priests
  Ijyb (D:5)
  3 iguanas
  6 worker ants
  3 hound skeletons
  A hound zombie (D:5)
  8 adders
  16 gnolls
  3 shadow imps
  3 white imps
  3 ufetubi
  An ooze (D:1)
  An adder skeleton (D:4)
  A worm (D:2)
  3 dart slugs
  4 leopard geckos
  25 orcs
  A ball python (D:3)
  3 bats (D:1)
  3 giant cockroaches
  7 hobgoblins
  14 jackals
  2 quokkas
  2 frilled lizards
  14 goblins
  22 kobolds
  2 leopard gecko skeletons
  A quokka skeleton (D:6)
  6 rats
254 creatures vanquished.

Vanquished Creatures (collateral kills)
  A two-headed ogre (D:8)
1 creature vanquished.

Grand Total: 255 creatures vanquished

Table legend: (Time is in decaauts)
 A = Elapsed time spent in this place.
 B = Non-inter-level travel time spent in this place.
 C = Inter-level travel time spent in this place.
 D = Time resting spent in this place.
 E = Time spent auto-exploring this place.
 F = Levels seen in this place.
 G = Mean time per level.
                   A        B        C        D        E       F      G
               +--------+--------+--------+--------+--------+-----+--------+
         Total |  11199 |  10705 |    494 |    366 |   7668 |  11 | 1018.1 |
       Dungeon |  10913 |  10419 |    494 |    366 |   7637 |  10 | 1091.3 |
        Bailey |    285 |    285 |      0 |      0 |     31 |   1 |  285.0 |
               +--------+--------+--------+--------+--------+-----+--------+

Top non-repeatable levels by time:
     D:4: 1687 daAuts
     D:5: 1345 daAuts
     D:6: 1312 daAuts
     D:2: 1206 daAuts
     D:8: 1065 daAuts
     D:1: 1015 daAuts
    D:10: 955 daAuts
     D:9: 851 daAuts
     D:3: 789 daAuts
     D:7: 684 daAuts
  Bailey: 285 daAuts

Table legend:
 A = Non-vault XP
 B = Vault XP
 C = Vault XP percentage of total XP
 D = Non-vault monster count
 E = Vault monster count
 F = Vault count percentage of total count
                 A         B        C        D         E       F
            +---------+---------+-------+---------+---------+-------
      Total |    8611 |    6081 |  41.4 |     205 |      50 |  19.6
            +---------+---------+-------+---------+---------+-------
        D:1 |      39 |       0 |   0.0 |      18 |       0 |   0.0
        D:2 |      81 |       0 |   0.0 |      19 |       0 |   0.0
        D:3 |      75 |       0 |   0.0 |      16 |       0 |   0.0
        D:4 |     528 |       0 |   0.0 |      17 |       0 |   0.0
        D:5 |     815 |     484 |  37.3 |      14 |       4 |  22.2
        D:6 |    1888 |     110 |   5.5 |      41 |       1 |   2.4
        D:7 |     663 |     992 |  59.9 |      20 |       1 |   4.8
        D:8 |    1714 |     562 |  24.7 |      19 |       5 |  20.8
        D:9 |     582 |       6 |   1.0 |      14 |       4 |  22.2
       D:10 |    2226 |    2669 |  54.5 |      27 |       3 |  10.0
     Bailey |       0 |    1258 | 100.0 |       0 |      32 | 100.0
            +---------+---------+-------+---------+---------+-------
